 Dungeon Sprint DCSS version 0.30.1 (webtiles) character file.

Game seed: 5117727725917031863

900000 Groucho the Magician (level 1, -60/18 HPs)
             Began as a Djinni Warper on July 7, 2023.
             Was an Initiate of Makhleb.
             Annihilated by a meat berserker
             ... wielding a +9 battleaxe
              (78 damage)
             ... in the Dungeon (Sprint VIII: "Arena of Blood").
             The game lasted 00:00:28 (9 turns).

Groucho the Magician (Djinni Warper)                   Turns: 9, Time: 00:00:28

Health: -60/18     AC:  3    Str: 10    XL:     1   Next: 0%
Gold:   0          EV: 11    Int: 14    God:    Makhleb [......] SH:  0 Dex: 12

rFire   + + .        i - +∞ Axe of Woe
rCold   x . .        (shield currently unavailable)
rNeg    . . .        b - +0 leather armour
rPois   ∞            (no helmet)
rElec   .            (no cloak)
rCorr   .            (no gloves)
SInv    .            (boots unavailable)
Will    .....        (no amulet)
Stlth   +            (no ring)
HPRegen 0.23/turn    (no ring)
MPRegen 0.00/turn

%: no teleportation, infuse magic (-61 HP)
@: flying
A: sickness immunity, fire resistance 2, cold vulnerability 1, float, innate
caster, HP casting, extra vitality 1
a: Renounce Religion


You were in the Dungeon.
You worshipped Makhleb.
Makhleb was noncommittal.
You visited 1 branch

Inventory:

Hand Weapons
 a - a +0 hand axe
 i - the +∞ Axe of Woe (weapon)
   (You found it in the Dungeon)
Missiles
 d - 7 boomerangs of dispersal (quivered)
Armour
 b - a +0 leather armour (worn)
Scrolls
 c - 2 scrolls of blinking
Potions
 e - a potion of curing
 f - a potion of heal wounds
 g - a potion of haste
 h - a potion of berserk rage


   Skills:
 - Level 2.0 Fighting
 * Level 1.5 Axes
 - Level 0.7 Throwing
 - Level 1.0 Armour
 + Level 2.1 Dodging
 + Level 2.4 Spellcasting


You knew the following spells:

 Your Spells              Type           Power      Damage    Failure   Level
a - Blink                 Tloc           16%        N/A       17%         2
b - Lesser Beckoning      Tloc           16%        N/A       17%         2
c - Vhi's Electric Charg  Tloc/Air       16%        N/A       34%         3
d - Teleport Other        Tloc           8%         N/A       34%         3
e - Manifold Assault      Tloc           8%         N/A       75%         4
Your spell library was empty.

Dungeon Overview and Level Annotations

Branches:
Dungeon (1/1)

Altars:
Makhleb


Innate Abilities, Weirdness & Mutations

You are immune to sickness and miasma.
You are immune to poison.
Your flesh is very heat resistant. (rF++)
You are vulnerable to cold. (rC-)
You float through the air rather than walking.
You learn spells naturally, not from books.
Your magical power is your life essence.
You have superior vitality. (+4 MHP)


Message History

Unknown command.
Press < or > to pray at altars.
Unknown command.
Press < or > to pray at altars.
The meat berserker appears out of thin air!
A meat berserker comes into view. It is wielding a +9 battleaxe.
The bag of meat appears out of thin air!
A bag of meat comes into view. It is wielding a +9 war axe.
The meat berserker shouts!
The bag of meat shouts!
You hear a shout! x5
A meat berserker comes into view. It is wielding a +9 battleaxe.
You hear a shout! x3
Unknown command. 2 bags of meat and a meat berserker come into view.
The meat berserker appears out of thin air!
A meat berserker comes into view. It is wielding a +9 battleaxe.
The bag of meat shouts! x2; The meat berserker shouts!
You hear a shout! x5
A bag of meat comes into view. It is wielding a +9 war axe. x2
The bag of meat moves out of view.
You hear a shout! x2
Unknown command.
The bag of meat shouts!
You hear a shout! x4
A bag of meat comes into view. It is wielding a +9 war axe.
A meat berserker comes into view. It is wielding a +9 battleaxe.
Unknown command.
Unknown command.
Unknown command.
A bag of meat comes into view. It is wielding a +9 war axe.
The bag of meat shouts!
You hear a shout! x7
A bag of meat comes into view. It is wielding a +9 war axe. x3
You hear a shout! x4; The bag of meat shouts!
You hit the meat berserker but do no damage.
You pulverise the meat berserker into a thin bloody mist.
You kill the meat berserker!
Makhleb accepts your kill.
You hear a shout! x8
The meat berserker rages.
You hear a shout! x4
The meat berserker hits you with a +9 battleaxe!!!!
Ouch! That really hurt!
You die...

#... .# . #...
..# ...###...
o.###.
........###o.....
#........_......
..... #.....#
......#_.<._#
...O..#..O..#..
#...oO.@._......
......oO###......
...###.o.....###.
.. #.......#
#o..o.o.#
o.........
..........o
...........
...........#


You could see 4 meat berserkers and 8 bags of meat.

Vanquished Creatures
  An ogre (D)
1 creature vanquished.

Notes
Turn   | Place    | Note
-------+----------+-------------------------------------------
     0 | D        | Found the +∞ Axe of Woe
     0 | D        | Groucho the Djinni Warper began the quest for the Orb.
     0 | D        | Groucho set off with the following spells memorised: Blink,
                  | Lesser Beckoning, Vhi's Electric Charge, Teleport Other,
                  | Manifold Assault.
     0 | D        | Reached XP level 1. HP: 18/18 MP: 0/0
     4 | D        | Became a worshipper of Makhleb the Destroyer
     5 | D        | Noticed a meat berserker
     5 | D        | Noticed a bag of meat
     5 | D        | Noticed a meat berserker
     6 | D        | Noticed a bag of meat
     6 | D        | Noticed a bag of meat
     6 | D        | Noticed a meat berserker
     6 | D        | Noticed a meat berserker
     6 | D        | Noticed a bag of meat
     6 | D        | Noticed a bag of meat
     7 | D        | Noticed a bag of meat
     7 | D        | Noticed a meat berserker
     8 | D        | Noticed a bag of meat
     8 | D        | Noticed a bag of meat
     8 | D        | Noticed a bag of meat
     8 | D        | Noticed a bag of meat
     9 | D        | Killed a meat berserker
     9 | D        | Annihilated by a meat berserker

Illustrated notes

Levels and vault maps discovered:
D:        meatsprint

Action                     || total
---------------------------++-------
  Melee: Executioner's axe ||     1
